 Dungeon Crawl Stone Soup version 0.29.1-14-g9c671dbff4 (webtiles) character file.

Game seed: 14480962935942708889

5 BabyfaceFinlayson the Firebug (level 1, 0/16 HPs)
             Began as an Ogre Fire Elementalist on Feb 16, 2023.
             Slain by a jackal (2 damage)
             ... on level 1 of the Dungeon.
             The game lasted 00:01:15 (145 turns).

BabyfaceFinlayson the Firebug (OgFE)                 Turns: 145, Time: 00:01:15

Health: 0/16       AC:  3    Str: 11    XL:     1   Next: 80%
Magic:  0/4        EV:  9    Int: 16    God:
Gold:   9          SH:  0    Dex:  9    Spells: 4/5 levels left

rFire   . . .      SeeInvis .   (no weapon)
rCold   . . .      Faith    .   (no shield)
rNeg    . . .      Spirit   .   a - +0 robe
rPois   .          Reflect  .   (helmet restricted)
rElec   .          Harm     .   (no cloak)
rCorr   .          Rampage  .   (gloves unavailable)
Will    .....                   (boots unavailable)
Stlth   +.........              (no amulet)
HPRegen 0.05/turn               (no ring)
MPRegen 0.09/turn               (no ring)

@: no status effects
A: large, unfitting armour, tough skin 1
a: no special abilities


You were on level 1 of the Dungeon.
You visited 1 branch of the dungeon, and saw 1 of its levels.

You collected 9 gold pieces.

Inventory:

Armour
 a - a +0 robe (worn)


   Skills:
 + Level 1.9 Dodging
 + Level 1.4 Stealth
 + Level 2.5 Spellcasting
 + Level 0.8 Conjurations
 + Level 2.9 Fire Magic


You had 4 spell levels left.
You knew the following spells:

 Your Spells              Type           Power      Damage    Failure   Level
a - Foxfire               Conj/Fire      32%        2x1d5     9%          1

Your spell library contained the following spells:

 Spells                   Type           Power      Damage    Failure   Level
 Scorch                   Fire           22%        2d6       9%          2
 Conjure Flame            Conj/Fire      8%         6-21      26%         3
 Inner Flame              Hex/Fire       6%         N/A       32%         3
 Flame Wave               Conj/Fire      8%         2d5       65%         4


Dungeon Overview and Level Annotations

Branches:
Dungeon (1/15)

Altars:


Innate Abilities, Weirdness & Mutations

You are too large for most types of armour.
You have tough skin. (AC +1)


Message History

You conjure some foxfire!
The bat misses you.
The jackal bites you but does no damage. x2
The foxfire hits the jackal but does no damage.
The jackal is almost dead.
The foxfire hits the jackal.
You kill the jackal!
The jackal bites you but does no damage.
The bat barely misses you. The jackal closely misses you.
The kobold hits you but does no damage. The bat hits you but does no damage.
The bat attacks as you move away! The bat closely misses you.
The kobold attacks as you move away! The kobold hits you but does no damage.
The bat hits you.
Your magical contamination has completely faded away.
The kobold attacks as you move away! The kobold hits you but does no damage.
The bat attacks as you move away! The bat hits you but does no damage. x2
Casting: Foxfire (safe; 9% risk of failure)
Confirm with . or Enter, or press ? or * to list all spells.
You conjure some foxfire!
The bat hits you but does no damage. The kobold completely misses you.
The kobold attacks as you move away!
The kobold hits you with a +0 short sword.
* * * LOW HITPOINT WARNING * * *
The jackal attacks as you move away!
The jackal bites you but does no damage.
The foxfire hits the kobold.
The kobold is heavily wounded.
The foxfire hits the kobold.
You kill the kobold!
The jackal bites you but does no damage.
The jackal bites you.
* * * LOW HITPOINT WARNING * * *
The jackal bites you.
* * * LOW HITPOINT WARNING * * *
The jackal attacks as you move away!
The jackal bites you but does no damage.
The jackal barely misses you.
Casting: Foxfire (safe; 9% risk of failure)
Confirm with . or Enter, or press ? or * to list all spells.
You conjure some foxfire!
The jackal bites you.
You die...

############# ............###
......##...)..# ########
.####.##.##.#.# #......#
.#.^.h...##.#.# #.####.#
.......####.#.####.####.#
.#.##..####.#.bh@v....#.#
............######.##.#.#####
.#..##.###### #..........##
.##.##.# #.########..##
.##.##.# #.# ##..### ...K...#
#.# ##...# ###.#### #># ###.#
#h## #.# ##..# #..# #. #.#
##...#


You could see a jackal (ally target) and a bat.

Vanquished Creatures
  A ball python (D:1)
  2 jackals (D:1)
  A kobold (D:1)
4 creatures vanquished.

Vanquished Creatures (others)
  10 foxfires (D:1)
10 creatures vanquished.

Grand Total: 14 creatures vanquished

Notes
Turn   | Place    | Note
-------+----------+-------------------------------------------
     0 | D:1      | BabyfaceFinlayson the Ogre Fire Elementalist began the
                  | quest for the Orb.
     0 | D:1      | Reached XP level 1. HP: 16/16 MP: 3/3
   145 | D:1      | Slain by a jackal

Illustrated notes

Levels and vault maps discovered:
D:1:      amcnicky_arrival_feature_with_door, layout_loops_cross,
          dreamdust_princess_bridge, minmay_hexomino_p4

Action                   || total
-------------------------++-------
Melee: Unarmed           ||     2
 Cast: Foxfire           ||     9
  Use: Potion            ||     2
Armor: Robe              ||    31
Dodge: Dodged            ||    26
